 Dungeon Crawl Stone Soup version 0.27.1-33-g824d729ab1 (webtiles) character file.

Game seed: 11649752616510899071

121 Gabide the Poker (level 5, -1/41 HPs)
             Began as a Human Monk on Dec 26, 2021.
             Slain by a sky beast (3 damage)
             ... on level 2 of the Dungeon.
             The game lasted 00:03:06 (2940 turns).

Gabide the Poker (Human Monk)                       Turns: 2940, Time: 00:03:07

Health: -1/41      AC:  7    Str: 12    XL:     5   Next: 26%
Magic:  5/5        EV: 11    Int: 16    God:
Gold:   150        SH:  0    Dex: 16    Spells: 4/4 levels left

rFire    . . .     SeeInvis .   a - +0 spear
rCold    . . .     Faith    +   (no shield)
rNeg     . . .     Spirit   .   k - +1 ring mail
rPois    .         Reflect  .   (no helmet)
rElec    .         Harm     .   l - +0 cloak
rCorr    .         Rampage  .   (no gloves)
Will     .....                  (no boots)
Stlth    ++........             h - amulet of faith
HPRegen  0.13/turn              j - +6 ring of intelligence
MPRegen  0.09/turn              (no ring)

@: lethally poisoned (-1 -> -8), attractive
A: no striking features
a: no special abilities


You were on level 2 of the Dungeon.
You visited 1 branch of the dungeon, and saw 3 of its levels.

You collected 150 gold pieces.

Inventory:

Hand Weapons
 a - a +0 spear (weapon)
Armour
 k - a +1 ring mail (worn)
 l - a +0 cloak (worn)
Jewellery
 h - an amulet of faith (around neck)
 j - a +6 ring of intelligence (left hand)
 p - an amulet of magic regeneration
Scrolls
 o - a scroll of identify {unknown}
Potions
 c - a potion of haste {unknown}
 d - a potion of berserk rage {unknown}
 e - a potion of curing {unknown}
 f - a potion of magic {unknown}
 i - a potion of degeneration {unknown}
 m - a potion of brilliance {unknown}
 n - a potion of mutation {unknown}


   Skills:
 + Level 3.5 Fighting
 + Level 4.1 Polearms
 + Level 0.5 Armour
 + Level 3.6 Dodging
 + Level 2.9 Stealth


You had 4 spell levels left.
You didn't know any spells.
Your spell library contained the following spells:

 Spells                   Type           Power      Damage    Failure   Level
 Sandblast                Erth           0%         2d4       50%         1
 Passwall                 Tmut/Erth      0%         N/A       65%         2
 Call Canine Familiar     Summ           0%         N/A       86%         3
 Portal Projectile        Hex/Tloc       0%         N/A       86%         3
 Leda's Liquefaction      Hex/Erth       0%         N/A       99%         4
 Lee's Rapid Deconstruct  Erth           0%         3d5*      100%        5


Dungeon Overview and Level Annotations

Branches:
Dungeon (3/15)

Altars:
Ru


Message History

Reactivating autopickup.
There is a stone staircase leading down here.
You miss the adder. The adder closely misses you. Something hits you.
Something shocks you.
Deactivating autopickup; reactivate with Ctrl-A.
The adder bites you but does no damage.
You closely miss the adder. Something hits you but does no damage.
The adder closely misses you.
You hit the adder.
The adder is heavily wounded.
The adder bites you. Something hits you. Something shocks you.
You miss the adder.
The adder is heavily wounded.
The adder barely misses you. Something hits you but does no damage.
You miss the adder.
The adder is heavily wounded.
The adder closely misses you.
You barely miss the adder.
The adder is heavily wounded.
Something hits you but does no damage. The adder barely misses you.
You hit the adder.
The adder is severely wounded.
The adder bites you.
You are poisoned.
The adder poisons you! Something hits you but does no damage.
You closely miss the adder.
The adder is severely wounded.
You feel sick. The adder bites you.
* * * LOW HITPOINT WARNING * * *
You are more poisoned.
The adder poisons you! Something hits you.
* * * LOW HITPOINT WARNING * * *
Something shocks you.
* * * LOW HITPOINT WARNING * * *
Okay, then.
It was a potion of attraction.
You feel attractive to monsters.
* * * LOW HITPOINT WARNING * * *
You feel sick. The adder bites you but does no damage. Something hits you.
You die...

.####..#.....#........##.#####
......##.....##########......##
..######.##### ##........##
.#######.## #..........#
..#.......# #...<......#
#.........# #..........#
##........# #..........#
##.......# ########..........#
#.......# #.S@........<....##
############.#######........##
#######.....# #..........#
#.......##### #..........#
####.####### #..........#
.....# #..........# .#####
#..........# ## ##........##
##......##


You could see an adder.

Vanquished Creatures
  7 adders
  2 dart slugs
  8 endoplasms
  A giant cockroach (D:2)
  6 goblins
  3 hobgoblins
  2 quokkas
  5 ball pythons
  3 bats
  7 frilled lizards
  7 kobolds
  2 rats
53 creatures vanquished.

Notes
Turn   | Place    | Note
-------+----------+-------------------------------------------
     0 | D:1      | Gabide the Human Monk began the quest for the Orb.
     0 | D:1      | Reached XP level 1. HP: 18/18 MP: 1/1
   210 | D:1      | Reached XP level 2. HP: 24/24 MP: 2/2
  1010 | D:1      | Reached XP level 3. HP: 19/29 MP: 3/3
  1585 | D:2      | Found a sacrificial altar of Ru.
  1617 | D:2      | Found a faded altar of an unknown god.
  1769 | D:2      | Reached XP level 4. HP: 33/35 MP: 4/4
  2365 | D:3      | Reached skill level 4 in Polearms
  2431 | D:3      | Reached XP level 5. HP: 41/41 MP: 5/5
  2714 | D:3      | Noticed a sky beast
  2940 | D:2      | HP: 2/41 [poisoned by an adder]
  2940 | D:2      | Slain by a sky beast

Illustrated notes

Levels and vault maps discovered:
D:1:      ncdulo_lavacross, layout_basic, grunt_decor_mini_mirrors,
          minmay_heptomino_h4
D:2:      layout_rooms, shapermc_ecumenical_altar_ellora, basic_altar
D:3:      layout_loops_ring

Skill      XL: |  1  2  3  4 |
---------------+-------------+-----
Polearms       | 4 |  4.1
Fighting       | |  3.5
Armour         | |  0.5
Dodging        | |  3.6
Stealth        | |  2.9

Action                   |  1- 3 |  4- 6 || total
-------------------------+-------+-------++-------
Melee: Spear             |    86 |   130 ||   216
  Use: Scroll            |     1 |     3 ||     4
       Potion            |       |     1 ||     1
 Stab: Sleeping          |     9 |     6 ||    15
Armor: Robe              |     5 |       ||     5
       Ring mail         |       |    42 ||    42
Dodge: Dodged            |    41 |    67 ||   108
